Selects Airborne Battlegroup
Selects Heavy Machine Gun Paradrop
Heavy Machine Gun Paradrop
Heavy Machine Gun Paradrop
Construct Medical Station
Selects Paratrooper Squad Paradrop
Construct Weapon Support Center
Construct Weapon Support Center
Construct Weapon Support Center
M3 Armored Personnel Carrier
M3 Armored Personnel Carrier
Selects Anti-tank Gun Team Paradrop
Paratrooper Squad Paradrop
M18 Hellcat Tank Destroyer
Heavy Machine Gun Paradrop
Heavy Machine Gun Paradrop